 Dungeon Crawl Stone Soup version 0.16-a0-1029-gdfc7942 (webtiles) character file.

5154 Kashira the Fighter (level 10, -7/49 HPs)
             Began as a Felid Ice Elementalist on Oct 4, 2014.
             Was an Elder of Yredelemnul.
             Mangled by an ettin skeleton (25 damage)
             ... led by Josephine
             ... on level 2 of the Orcish Mines.
             The game lasted 01:27:58 (26889 turns).

Kashira the Fighter (Felid Ice Elementalist)       Turns: 26889, Time: 01:27:59

HP  -7/49        AC 10     Str  7      XL: 10   Next: 33%
MP  18/28        EV 20     Int 16      God: Yredelemnul [****..]
Gold 446         SH  6     Dex 16      Spells:  6 memorised,  5 levels left
Lives: 0, deaths: 2

rFire  + + .     SeeInvis +     (weapon unavailable)
rCold  . . .     Clarity  .     (armour unavailable)
rNeg   . . .     rCorr    .     (shield unavailable)
rPois  +         rRot     .     (helmet unavailable)
rElec  .         Spirit   .     (cloak unavailable)
SustAb .         Warding  .     (gloves unavailable)
rMut   +         Stasis   .     (boots unavailable)
Gourm  .                        u - amulet of Accord {rMut rF++}
MR     +....                    C - ring of poison resistance
                                x - ring of stealth

@: icy armour, icy shield, very slightly contaminated, quick, somewhat resistant
to hostile enchantments, very stealthy
A: paw claws, no armour, no weapons or thrown items, fangs 3, yellow scales 1,
see invisible, carnivore 3, dopey 1, speed 1, shaggy fur 2, slow metabolism 1,
spit poison 1, jump 2
a: Jump Attack, Spit Poison, Animate Dead, Recall Undead Slaves, Injury Mirror,
Drain Life, Renounce Religion


You were on level 2 of the Orcish Mines.
You worshipped Yredelemnul.
Yredelemnul was greatly pleased with you.
You were not hungry.

You visited 2 branches of the dungeon, and saw 16 of its levels.

You collected 779 gold pieces.
You spent 333 gold pieces at shops.

Inventory:

Magical devices
 a - a wand of digging (13)
 k - a wand of digging (4)
 y - a wand of magic darts (0)
 G - a wand of cold (4)
 I - a wand of fire (3)
 M - a wand of cold (4)
 N - a wand of paralysis (11)
 R - a wand of random effects (10)
Comestibles
 c - 3 meat rations
 r - 10 slices of pizza
Scrolls
 d - a scroll of amnesia {unknown}
 g - 5 scrolls of teleportation
 i - 3 scrolls of remove curse
 l - 2 scrolls of magic mapping {unknown}
 o - a scroll of recharging {unknown}
 s - a scroll of enchant weapon {unknown}
 v - 2 scrolls of vulnerability
 A - 2 scrolls of fear {unknown}
 D - a scroll of immolation {unknown}
 H - 2 scrolls of fog
 K - a scroll of torment {unknown}
Jewellery
 e - an uncursed ring of protection from magic
 n - an uncursed ring of protection from fire
 p - an uncursed amulet of rage
 u - the amulet of Accord (around neck) {rMut rF++}
   (You found it on level 4 of the Dungeon)

   [amulet of resist mutation]

   It protects you from mutation.
   It greatly protects you from fire.
 x - a ring of stealth (left paw)
 B - an uncursed ring of protection from cold
 C - a ring of poison resistance (right paw)
Potions
 f - 4 potions of restore abilities
 h - a potion of heal wounds
 j - a potion of invisibility
 m - 3 potions of cancellation
 q - 4 potions of agility
 t - a potion of might
 w - a potion of curing
 z - a potion of brilliance
 F - a potion of cure mutation
 S - a potion of flight
Books
 b - a book of Frost

   Spells                             Type                      Level
   *Freeze                            Ice                          1
   *Throw Frost                       Conjuration/Ice              2
   *Ozocubu's Armour                  Charms/Ice                   3
   *Throw Icicle                      Conjuration/Ice              4
   *Summon Ice Beast                  Ice/Summoning                4
   *Condensation Shield               Ice                          4
 J - a book of Unlife

   Spells                             Type                      Level
   Recall                             Summoning/Translocation      3
   Animate Dead                       Necromancy                   4
   Control Undead                     Necromancy                   4
   Twisted Resurrection               Necromancy                   5
   Death Channel                      Necromancy                   6
   Simulacrum                         Ice/Necromancy               6
 Q - Gridd's Grimoire of Creative Beguiling
   (You found it on level 12 of the Dungeon)

   Spells                             Type                      Level
   Abjuration                         Summoning                    3
   Recall                             Summoning/Translocation      3
   Invisibility                       Hexes                        6
   Discord                            Hexes                        8


   Skills:
 + Level 9.2 Fighting
 - Level 5.0 Dodging
 - Level 7.0 Stealth
 - Level 7.0 Spellcasting
 - Level 5.0 Conjurations
 - Level 9.1 Ice Magic
 - Level 6.0 Invocations
 - Level 6.1 Evocations


You had 5 spell levels left.
You knew the following spells:

 Your Spells              Type           Power        Failure   Level  Hunger
a - Freeze                Ice            ####         1%          1    None
b - Throw Frost           Conj/Ice       ####..       1%          2    None
c - Ozocubu's Armour      Chrm/Ice       ###.....     8%          3    ##.....
d - Condensation Shield   Ice            ####......   3%          4    ####...
e - Throw Icicle          Conj/Ice       ####....     10%         4    ####...
f - Summon Ice Beast      Ice/Summ       ###.....     21%         4    ####...


Dungeon Overview and Level Annotations

Branches:
Dungeon (13/15)            Temple (0/1) D:6             Orc (3/4) D:9
    Elf: Orc:3-4       Lair: D:8-11      Vaults: D:13-14

Altars:
Ashenzari
Cheibriados
Elyvilon
Fedhas
Gozag
Kikubaaqudgha
Makhleb
Okawaru
Qazlal
Ru
Trog
Yredelemnul

Shops:
D:8 [   D:9 }   D:10 ?%=   Orc:1 !   Orc:3 =

Portals:
Trove: D:12 (give 19 potions of curing)

Annotations:
D:4 exclusion: shadow imp
D:5 Sigmund
D:8 Edmund
D:11 Joseph
D:12 Sonja


Innate Abilities, Weirdness & Mutations

You cannot wear armour.
You are incapable of wielding weapons or throwing items.
Your paws have sharp claws.
You have razor-sharp teeth.
You have supernaturally acute eyesight.
You are carnivorous and can eat meat at any time.
You cover ground quickly.
You are covered in thick fur (AC +2).
You have a slow metabolism.
You can jump attack at a medium distance.
You are partially covered in yellow scales (AC +2).
You are dopey. (Int -2)
You can spit poison.


Message History

Casting: Ozocubu's Armour
Confirm with . or Enter, or press ? or * to list all spells.
A crackling disc of dense vapour forms in the air!
You climb downwards.
Your mindless thrall stays behind.
The ettin skeleton hits you. The ettin skeleton barely misses you.
There is a stone staircase leading up here.
Casting: Condensation Shield
Confirm with . or Enter, or press ? or * to list all spells.
Aiming: Throw Icicle
Press: ? - help, Shift-Dir - straight line, f - ettin skeleton
Aim: an ettin skeleton You miscast Throw Icicle.
You are very lightly contaminated with residual magic.
You feel a strange surge of energy! The ettin skeleton hits you!!
Ouch! That really hurt!
The ettin skeleton barely misses you. You block the ettin skeleton's attack.
The ettin skeleton hits you!!
Ouch! That really hurt!
You die...
Your body rises from the dead as a mindless zombie.

##.## ####...###
##.###.##.#####
#...##.#...##.##
##..#.....#....#
#...#.........##
##.............#
###.............##
##..@Z.....#..>...#
#....##...........#
##.####..........##
##.##.##...........#
#.
##.##........>...#.##
....#
##.####.#..#.......##
.....#####.##
##..........##
....#.#.#.##
##.##..#....#
......Z.)##
###.......##


You could see an ettin skeleton.

Vanquished Creatures
  Erolcha (Orc:1)
  Pikel (D:5)
  An orc sorcerer (Orc:3)
  Psyche (Orc:1)
  A centaur skeleton (D:11)
  A komodo dragon (D:10)
  A deep elf mage (D:11)
  A slime creature (D:12)
  9 yaks
  A shadow (D:12)
  The ghost of FiftyNine the Vandal, an average NaWr of Yredelemnul (D:5)
  A hog (D:8)
  A human (D:8)
  2 hungry ghosts
  2 hippogriffs
  4 wyverns
  A warg (Orc:2)
  A soldier ant (D:11)
  A vampire mosquito (D:12)
  A human skeleton (D:11)
  7 orc warriors
  5 sky beasts
  3 slaves (D:5)
  A centaur (D:10)
  A phantom (D:5)
  8 giant frogs
  8 ogres
  An ice beast (D:5)
  A big kobold (D:9)
  A scorpion (D:4)
  A water moccasin skeleton (D:5)
  A troll zombie (D:10)
  A hippogriff zombie (D:6)
  An orc simulacrum (Orc:2)
  7 wights (D:6)
  A hippogriff skeleton (D:6)
  A goliath beetle (D:8)
  4 crimson imps
  A jelly (D:12)
  A quasit (D:11)
  5 hounds
  12 orc priests
  A giant frog skeleton (D:12)
  2 iguanas
  12 orc wizards
  2 sheep (D:8)
  12 worker ants
  Ijyb (D:5)
  4 gnolls (D:4)
  2 shadow imps
  11 adders
  3 giant mites
  7 worms
  An orc skeleton (D:6)
  6 giant geckos
  75 orcs
  3 ball pythons
  4 giant cockroaches
  18 goblins
  13 hobgoblins
  16 kobolds
  2 quokkas
  16 bats
  5 giant newts
  A giant spore (D:6)
  A hobgoblin skeleton (D:4)
  7 jackals
  A kobold skeleton (D:7)
  8 rats
  A rat zombie (D:5)
340 creatures vanquished.

Vanquished Creatures (collateral kills)
  Josephine (Orc:1)
  A slime creature (D:12)
  A yak (D:9)
  A hungry ghost (D:8)
  3 vampire mosquitoes (D:12)
  A hippogriff (D:9)
  2 ogres
  3 orc warriors
  3 centaurs
  Blork the orc (D:7)
  2 giant frogs
  An eye of draining (D:12)
  2 crimson imps
  A hound (D:8)
  3 goliath beetles
  3 orc wizards
  A giant frog skeleton (D:12)
  2 orc priests
  A black bear skeleton (D:10)
  A sheep (D:8)
  An ogre skeleton (D:8)
  An adder (D:12)
  A giant gecko (D:11)
  14 orcs
  A hobgoblin (D:9)
  A hobgoblin skeleton (D:9)
  A rat (D:8)
54 creatures vanquished.

Vanquished Creatures (others)
  19 ice beasts
  A centaur (D:5)
  A vampire mosquito zombie (D:12)
  A wyvern zombie (D:9)
  A yak zombie (D:11)
  A hippogriff zombie (D:9)
  A wight (Orc:2)
  A yak skeleton (D:11)
  A giant frog zombie (D:9)
  A centaur zombie (D:9)
  An elf zombie (D:11)
  A giant frog skeleton (D:12)
  An orc wizard (Orc:1)
  An ogre zombie (D:9)
  A worker ant zombie (D:9)
  A goliath beetle zombie (D:8)
  An adder zombie (D:10)
  An orc skeleton (Orc:1)
  3 bat zombies
  A goblin zombie (Orc:1)
  A kobold zombie (D:8)
  30 orc zombies
71 creatures vanquished.

Grand Total: 465 creatures vanquished

Notes
Turn   | Place    | Note
--------------------------------------------------------------
     0 | D:1      | Kashira, the Felid Ice Elementalist, began the quest for the Orb.
     0 | D:1      | Reached XP level 1. HP: 7/7 MP: 4/4
   528 | D:1      | Reached XP level 2. HP: 11/11 MP: 1/6
   550 | D:1      | Learned a level 2 spell: Throw Frost
   624 | D:1      | Reached skill level 1 in Conjurations
  1334 | D:1      | Reached skill level 3 in Spellcasting
  1985 | D:2      | Found a white marble altar of Elyvilon.
  2029 | D:2      | Reached XP level 3. HP: 14/14 MP: 1/10
  2246 | D:2      | Learned a level 3 spell: Ozocubu's Armour
  2523 | D:2      | Found an opulent altar of Gozag.
  2796 | D:2      | Reached skill level 4 in Spellcasting
  2828 | D:2      | Reached XP level 4. HP: 16/18 MP: 1/14
  2843 | D:2      | Learned a level 4 spell: Condensation Shield
  3923 | D:3      | Found a sacrificial altar of Ru.
  3958 | D:3      | Noticed a moth of wrath
  3960 | D:3      | Found a bloodstained altar of Trog.
  4503 | D:3      | Reached XP level 5. HP: 21/21 MP: 9/17
  5024 | D:4      | Got a brightly glowing copper amulet
  5026 | D:4      | Identified the amulet of Accord {rMut rF++} (You found it on level 4 of the Dungeon)
  5188 | D:4      | Reached skill level 5 in Spellcasting
  5268 | D:4      | Learned a level 4 spell: Throw Icicle
  5464 | D:4      | Noticed an ogre
  5475 | D:4      | Killed an ogre
  5475 | D:4      | Gained mutation: You are covered in thick fur (AC +2). [growing up]
  5475 | D:4      | Gained mutation: You can jump attack at a medium distance. [growing up]
  5475 | D:4      | Reached XP level 6. HP: 24/24 MP: 8/20
  5673 | D:4      | Found a stormy altar of Qazlal.
  6150 | D:4      | Reached skill level 5 in Ice Magic
  6250 | D:4      | Found a basalt altar of Yredelemnul.
  6263 | D:4      | Became a worshipper of Yredelemnul the Dark
  6424 | D:4      | Found a burning altar of Makhleb.
  6689 | D:5      | Entered Level 5 of the Dungeon
  6816 | D:5      | Noticed Ijyb
  6824 | D:5      | Killed Ijyb
  7015 | D:5      | Found a blossoming altar of Fedhas.
  7224 | D:5      | Noticed Sigmund
  7264 | D:5      | Reached XP level 7. HP: 27/27 MP: 14/21
  7524 | D:5      | Noticed Pikel
  7932 | D:5      | Noticed FiftyNine's ghost (average NaWr)
  8819 | D:5      | Reached skill level 6 in Ice Magic
  8819 | D:5      | Reached XP level 8. HP: 31/31 MP: 5/22
  9279 | D:5      | Killed FiftyNine's ghost
  9792 | D:5      | Reached skill level 7 in Ice Magic
 10117 | D:5      | Killed Pikel
 10117 | D:5      | Reached skill level 8 in Ice Magic
 10608 | D:6      | Reached skill level 9 in Ice Magic
 10707 | D:6      | Reached XP level 9. HP: 26/34 MP: 7/24
 11453 | D:6      | Reached skill level 5 in Conjurations
 12296 | D:6      | Learned a level 4 spell: Summon Ice Beast
 12499 | D:6      | Gained mutation: You can spit poison. [potion of mutation]
 12499 | D:6      | Gained mutation: You are partially covered in yellow scales (AC +2). [potion of mutation]
 12562 | D:6      | Acquired Yredelemnul's first power
 12934 | D:6      | Found a bloodstained altar of Trog.
 13143 | D:6      | Found a staircase to the Ecumenical Temple.
 13208 | D:7      | Found an iron altar of Okawaru.
 13248 | D:7      | Noticed Blork the orc
 13684 | D:7      | Reached skill level 1 in Fighting
 14612 | D:7      | Killed Blork the orc
 14706 | D:8      | Found a shattered altar of Ashenzari.
 15493 | D:8      | Found Giluva's Antique Armour Shoppe.
 15708 | D:8      | Reached skill level 5 in Fighting
 16132 | D:8      | Reached XP level 10. HP: 28/45 MP: 3/28
 16378 | D:8      | Acquired Yredelemnul's second power
 16629 | D:8      | Noticed Edmund
 17289 | D:9      | Found an ancient bone altar of Kikubaaqudgha.
 17639 | D:9      | Found a staircase to the Orcish Mines.
 17670 | D:9      | Found Uneve's Gadget Shop.
 17980 | D:9      | Found a snail-covered altar of Cheibriados.
 18083 | D:10     | Entered Level 10 of the Dungeon
 18161 | D:10     | Found Uvvat's Magic Scroll Shoppe.
 18177 | D:10     | Bought a scroll of blinking for 112 gold pieces
 18177 | D:10     | Bought a scroll of vulnerability for 112 gold pieces
 18177 | D:10     | Bought a scroll of fog for 30 gold pieces
 18177 | D:10     | Bought a scroll of teleportation for 45 gold pieces
 18319 | D:10     | Reached skill level 5 in Invocations
 18387 | D:10     | Found Gaklamaiph's Jewellery Boutique.
 19246 | D:10     | Found Wejaifie's Food Boutique.
 19402 | D:10     | Gained mutation: You are dopey. (Int -2) [mutagenic meat]
 20195 | D:11     | Reached skill level 5 in Evocations
 20754 | D:11     | Reached XP level 11. HP: 44/50 MP: 14/28
 20820 | D:11     | Noticed Joseph
 21062 | D:11     | Acquired Yredelemnul's third power
 21239 | D:11     | Reached skill level 5 in Stealth
 22889 | D:12     | Identified Gridd's Grimoire of Creative Beguiling
 23019 | D:12     | HP: 2/50 [vampire mosquito (8)]
 23021 | D:12     | Slain by a vampire mosquito
 23022 | D:12     | Reached XP level 10. HP: -5/47 MP: 3/28
 23022 | D:12     | Noticed Sonja
 23376 | D:12     | Found a portal to a secret trove of treasure.
 23512 | D:12     | Reached skill level 5 in Dodging
 23675 | D:12     | Slain by an enormous slime creature
 23676 | D:12     | Reached XP level 9. HP: 0/43 MP: 21/26
 23901 | Orc:1    | Entered Level 1 of the Orcish Mines
 24218 | Orc:1    | Noticed Erolcha
 24553 | Orc:1    | Found Psixecag's Distillery.
 24858 | Orc:2    | Noticed Josephine
 25071 | Orc:1    | Killed Erolcha
 25210 | Orc:1    | Bought 2 potions of confusion for 34 gold pieces
 25335 | Orc:1    | Acquired Yredelemnul's fourth power
 25390 | D:9      | Received a gift from Yredelemnul
 25566 | Orc:1    | Noticed Psyche
 25577 | Orc:1    | Killed Psyche
 25577 | Orc:1    | Reached XP level 10. HP: 23/49 MP: 22/28
 26082 | Orc:1    | Killed Josephine
 26589 | Orc:3    | Found Honil's Jewellery Shoppe.
 26594 | Orc:3    | Noticed an orc sorcerer
 26598 | Orc:3    | Killed an orc sorcerer
 26889 | Orc:2    | Mangled by an ettin skeleton

Action                   |  1- 3 |  4- 6 |  7- 9 | 10-12 || total
-------------------------+-------+-------+-------+-------++-------
Melee: Unarmed           |     6 |     1 |     9 |    32 ||    48
 Cast: Freeze            |    40 |    83 |   105 |    67 ||   295
       Throw Frost       |    38 |    95 |   179 |    99 ||   411
       Throw Icicle      |       |     3 |   153 |   142 ||   298
       Ozocubu's Armour  |       |       |    15 |    15 ||    30
       Condensation Shie |       |       |    15 |    14 ||    29
       Summon Ice Beast  |       |       |    24 |    39 ||    63
Invok: Animate Remains   |       |       |    13 |    22 ||    35
       Animate Dead      |       |       |    10 |    11 ||    21
       Recall Undead Sla |       |       |       |     2 ||     2
 Abil: Jump Attack       |     1 |     1 |       |     4 ||     6
       Spit Poison       |       |       |     1 |       ||     1
Evoke: Wand              |       |       |     8 |    11 ||    19
  Use: Scroll            |     1 |     3 |     4 |     8 ||    16
       Potion            |       |       |     3 |     2 ||     5
 Stab: Sleeping          |     2 |       |       |       ||     2
       Paralysed         |       |       |       |    12 ||    12
  Eat: Chunk             |     9 |    11 |    51 |    39 ||   110
       Beef jerky        |       |       |     1 |     2 ||     3
       Royal jelly       |       |       |       |     2 ||     2
